 Dungeon Crawl Stone Soup version 0.30.1-3-gfc49f6343a (webtiles) character file.

Game seed: 17322257198877191041

33 Kranky the Poker (level 3, -1/49 HPs)
             Began as a Minotaur Berserker on Aug 4, 2023.
             Was a Follower of Trog.
             Succumbed to Jessica's poison
             ... on level 2 of the Dungeon.
             The game lasted 00:00:51 (705 turns).

Kranky the Poker (Minotaur Berserker)                Turns: 705, Time: 00:00:52

Health: -1/49      AC:  7    Str: 23    XL:     3   Next: 12%
Magic:  2/2        EV: 10    Int:  4    God:    Trog [*.....]
Gold:   32         SH:  0    Dex:  9    Spells: 2/2 levels left

rFire   . . .        a - +0 spear
rCold   . . .        (no shield)
rNeg    . . .        i - +0 scale mail
rPois   .            (helmet restricted)
rElec   .            (no cloak)
rCorr   .            (no gloves)
SInv    .            h - +0 pair of boots
Will    .....        (no amulet) Stlth
                     (no ring)
HPRegen 0.28/turn    (no ring)
MPRegen 0.08/turn

%: no passive effects
@: berserking, lethally poisoned (-1 -> -27), very quick
A: horns 2, retaliatory headbutt
a: Renounce Religion, Berserk


You were on level 2 of the Dungeon.
You worshipped Trog.
Trog was aware of your devotion.
You visited 1 branch of the dungeon, and saw 2 of its levels.

You collected 32 gold pieces.

Inventory:

Hand Weapons
 a - a +0 spear (weapon)
Armour
 b - a +0 animal skin
 h - a +0 pair of boots (worn)
 i - a +0 scale mail (worn)
Jewellery
 e - a ring of magical power
Scrolls
 c - a scroll of amnesia {unknown}
 d - a scroll of identify {unknown}
 f - a scroll of magic mapping {unknown}
Potions
 g - a potion of haste {unknown}
 j - 2 potions of attraction {unknown}


   Skills:
 + Level 4.1 Fighting
 + Level 4.1 Polearms
 + Level 3.0 Armour
 + Level 2.7 Dodging


You had 2 spell levels left.
You didn't know any spells.
Your spell library was empty.

Dungeon Overview and Level Annotations

Branches:
Dungeon (2/15)

Altars:

Annotations:
D:2 Jessica


Innate Abilities, Weirdness & Mutations

You have a pair of horns on your head.
You reflexively headbutt those who attack you in melee.


Message History

You hit the adder.
The adder is heavily wounded.
A kobold comes into view. It is wielding a +0 dagger.
The adder bites you.
Jessica casts a spell.
Jessica seems to speed up.
You barely miss the adder.
The kobold shouts!
You headbutt the adder.
You kill the adder!
Trog accepts your kill.
Your Armour skill increases to level 3!
You have reached level 3!
Your experience leads to an increase in your attributes!
Increase (S)trength, (I)ntelligence, or (D)exterity?
You feel stronger. x2
Jessica gestures at you while chanting. You resist with some effort.
Jessica casts a spell at you. Pain shoots through your body!
Jessica casts a spell at you. You resist with some effort.
You reach to attack!
You closely miss Jessica. Jessica closely misses you.
You hit Jessica but do no damage.
Jessica hits you with a +1 dagger of venom.
You are lethally poisoned!
The kobold hits you but does no damage.
You are too injured to fight recklessly!
You are too injured to fight recklessly!
You are too injured to fight recklessly!
You hit Jessica.
Jessica is lightly wounded.
You feel very sick.
Jessica hits you with a +1 dagger of venom!
* * * LOW HITPOINT WARNING * * *
You are more poisoned.
The kobold hits you but does no damage.
A red film seems to cover your vision as you go berserk!
You feel yourself moving faster!
You feel mighty!
You die...

#.........###.##...
##.####.......##...
#.####........#
#.......#######
#.####.##
####+####.#
..........######
..........†....#
.......@.......#
......@K.......#
.$.............#
...............#
...............#
.......<.......#
...............#
...............


You could see Jessica (fast) and a kobold.

Vanquished Creatures
  2 adders (D:2)
  2 ball pythons (D:2)
  A bat (D:1)
  An endoplasm (D:1)
  A giant cockroach (D:1)
  3 goblins (D:1)
  2 frilled lizards
  2 kobolds
  A rat (D:1)
15 creatures vanquished.

Notes
Turn   | Place    | Note
-------+----------+-------------------------------------------
     0 | D:1      | Kranky the Minotaur Berserker began the quest for the Orb.
     0 | D:1      | Reached XP level 1. HP: 19/19 MP: 0/0
   257 | D:1      | Reached XP level 2. HP: 27/27 MP: 1/1
   694 | D:2      | Noticed Jessica
   700 | D:2      | Reached XP level 3. HP: 30/33 MP: 2/2
   705 | D:2      | Succumbed to Jessica's poison

Illustrated notes

Levels and vault maps discovered:
D:1:      roderic_chinese_lattice_arrival, layout_basic
D:2:      layout_basic, basic_altar, uniq_jessica

Skill      XL: |  1  2 |
---------------+-------+-----
Fighting       | 4 |  4.1
Polearms       | 4 |  4.1
Armour         | 3 |  3.0
Dodging        | |  2.7

Action                     || total
---------------------------++-------
  Melee: Spear             ||    40
         Headbutt          ||     3
 Invoke: Berserk           ||     1
 Armour: Animal skin       ||     1
         Scale mail        ||     8
  Dodge: Dodged            ||    13
